 Dungeon Crawl Stone Soup version 0.26.1-2-gb8aa6d0cf2 (webtiles) character file.

Game seed: 6140886189085502852

54084 Impy the Thaumaturge (level 14, -13/85 HPs)
             Began as a Demonspawn Venom Mage on Feb 9, 2021.
             Was a High Priest of Vehumet.
             Mangled by a catoblepas (15 damage)
             ... while petrified by a catoblepas
             ... on level 5 of the Lair of Beasts on Feb 19, 2021.
             The game lasted 02:10:02 (28732 turns).

Impy the Thaumaturge (Demonspawn Venom Mage)       Turns: 28732, Time: 02:10:02

Health: -13/85     AC: 14    Str:  8    XL:     14   Next: 33%
Magic:  0/30       EV:  2    Int: 28    God:    Vehumet [*****.]
Gold:   1976       SH:  0    Dex: 14    Spells: 7/37 levels left

rFire    + . .     SeeInvis .   K - +7 demon trident (elec)
rCold    . . .     Faith    .   l - +0 buckler
rNeg     + + +     Spirit   +   N - +2 robe {Will+}
rPois    ∞         Reflect  +   (helmet restricted)
rElec    .         Harm     .   B - +0 cloak
rCorr    .         Rampage  .   (no gloves)
Will     ++...                  (no boots)
Stlth    ++........             J - amulet of reflection
HPRegen  0.24/turn              d - +4 ring of evasion
MPRegen  0.44/turn              H - +6 ring of intelligence

@: petrified, sanguine armour
A: antennae 1, fire resistance 1, magic shield, magic regeneration, sanguine
armour 2
a: Renounce Religion


You were on level 5 of the Lair of Beasts.
You worshipped Vehumet.
Vehumet was extremely pleased with you.
You visited 4 branches of the dungeon, and saw 19 of its levels.
You also visited: Ice Cave.

You collected 2079 gold pieces.
You spent 103 gold pieces at shops.

Inventory:

Hand Weapons
 K - a +7 demon trident of electrocution (weapon)
 L - the +4 spear "Impbane" {flame, rElec Str+4}
   (You found it on level 11 of the Dungeon)

   It has been specially enchanted to burn those struck by it, causing extra
   injury to most foes and up to half again as much damage against particularly
   susceptible opponents.
   It affects your strength (+4).
   It insulates you from electricity.
 O - a +2 eveningstar of draining
Armour
 f - +0 ice dragon scales
 l - a +0 buckler (worn)
 z - a +0 kite shield
 B - a +0 cloak (worn)
 N - a +2 robe of willpower (worn)
 P - a +2 plate armour of positive energy
Magical Staves
 u - an uncursed staff of earth
 E - an uncursed staff of fire
Jewellery
 d - a +4 ring of evasion (left hand)
 g - an uncursed ring of flight
 h - an uncursed ring of poison resistance
 j - an uncursed ring of see invisible
 o - an uncursed ring of resist corrosion
 q - a +6 ring of strength
 y - an uncursed ring of ice
 H - a +6 ring of intelligence (right hand)
 J - an amulet of reflection (around neck)
 Q - an uncursed amulet of faith
 S - an uncursed ring of ice
 W - a ring of the Octopus King {AC+1 EV+1 Str+1 Int+1 Dex+1 SInv, unknown}
   (You found it in an ice cave)

   [ring of see invisible]

   It affects your AC (+1).
   It affects your evasion (+1).
   It affects your strength (+1).
   It affects your intelligence (+1).
   It affects your dexterity (+1).
   It lets you see invisible.
 X - an uncursed ring of magical power {unknown}
 Y - an uncursed ring of fire {unknown}
 Z - a +6 ring of intelligence
Wands
 i - a wand of iceblast (13)
 m - a wand of enslavement (2)
 s - a wand of polymorph (15)
 D - a wand of disintegration (27)
 F - a wand of paralysis (8)
 U - a wand of random effects (16)
Scrolls
 b - 5 scrolls of amnesia
 c - 8 scrolls of remove curse
 k - 2 scrolls of enchant armour
 r - 2 scrolls of identify
Potions
 a - a potion of heal wounds
 e - a potion of haste
 n - 7 potions of curing
 t - 2 potions of mutation
 w - 3 potions of might
 C - 2 potions of invisibility
 G - a potion of cancellation
 I - a potion of magic
 R - a potion of berserk rage
 T - 2 potions of brilliance
 V - a potion of ambrosia {unknown}


   Skills:
 * Level 11.3 Polearms
 - Level 10.6 Dodging
 - Level 1.7 Stealth
 - Level 4.5 Shields
 - Level 12.1 Spellcasting
 - Level 11.4 Conjurations
 - Level 0.8 Transmutations
 - Level 7.2 Poison Magic


You had 7 spell levels left.
You knew the following spells:

 Your Spells              Type           Power        Failure   Level
a - Sting                 Tmut/Pois      100%         1%          1
b - Poisonous Vapours     Pois/Air       74%          1%          2
c - Ignite Poison         Fire/Tmut/Pois 32%          1%          3
d - Mephitic Cloud        Conj/Pois/Air  51%          1%          3
e - Olgreb's Toxic Radia  Pois           55%          1%          4
f - Fulminant Prism       Conj/Hex       24%          1%          4
g - Iskenderun's Mystic   Conj/Tloc      49%          1%          4
h - Bolt of Magma         Conj/Fire/Erth 19%          5%          5
i - Airstrike             Air            8%           9%          4

Your spell library contained the following spells:

 Spells                   Type           Power        Failure   Level
 Lee's Rapid Deconstruct  Erth           8%           22%         5
 Magic Dart               Conj           100%         1%          1
 Searing Ray              Conj           100%         1%          2
 Dazzling Flash           Conj/Hex       98%          1%          3
 Corona                   Hex            18%          3%          1
 Ensorcelled Hibernation  Hex/Ice        34%          4%          2
 Confusing Touch          Hex            17%          10%         3
 Tukima's Dance           Hex            17%          10%         3


Dungeon Overview and Level Annotations

Branches:
Dungeon (11/15)            Temple (1/1) D:5            Lair (5/6) D:11
  Swamp (0/4) Lair:2        Snake (0/4) Lair:3          Orc (2/2) D:11
  IceCv (visited)
  Slime: Lair:5-6       Elf: Orc:2

Altars:
Ashenzari
Cheibriados
Dithmenos
Elyvilon
Fedhas
Gozag
Hepliaklqana
Kikubaaqudgha
Makhleb
Nemelex Xobeh
Okawaru
Qazlal
Ru
Sif Muna
Trog
Uskayaw
Vehumet
Wu Jian
Xom
Yredelemnul
Zin
The Shining One

Shops:
D:5 =!(![   D:8 }*   Orc:1 [

Portals:
Abyss: Lair:5

Annotations:
D:5 2 runed translucent doors, Qrupt's ghost, novice TeWz
D:8 1 runed translucent door
Lair:5 1 transporter
Orc:2 Saint Roka


Innate Abilities, Weirdness & Mutations

You have a pair of small antennae on your head.
Your flesh is heat resistant. (rF+)
When hurt, damage is shared between your health and your magic reserves.
You regenerate magic rapidly.
When seriously injured, your bleeding wounds create thick armour. (AC +9)


Message History

The catoblepas barely misses you.
You have turned to stone.
The catoblepas gores you!! x2
The catoblepas completely misses you. The catoblepas gores you.
The catoblepas breathes a plume of calcifying dust at you.
The blast of calcifying dust hits you but does no damage.
The catoblepas gores you!
You are engulfed in calcifying dust.
The catoblepas gores you but does no damage.
The catoblepas gores you!
* * * LOW HITPOINT WARNING * * *
You are engulfed in calcifying dust.
The catoblepas completely misses you. The catoblepas gores you!!
* * * LOW HITPOINT WARNING * * *
You are engulfed in calcifying dust.
The catoblepas gores you!
* * * LOW HITPOINT WARNING * * *
The catoblepas gores you but does no damage.
You are engulfed in calcifying dust.
The catoblepas gores you!
* * * LOW HITPOINT WARNING * * *
The catoblepas gores you!!
You die...

.......#....##...... )#∩
......#.#.##.#.....##..#
.....###### ##....##...
.....#### ##..##...
#.......# #...# .. .#
##......## #...##x# #...
#........#
##....###.....
##.[.....#
#.........P..#
##.......#
####@Y.....##.
#........## #P.Y...###
##.......P# ####...#
....>....## ##.##
.........# #.#
...#.#.....# #..
...###...... ... .###
#P..#. .. .## .....


You could see 2 catoblepae.

Vanquished Creatures
  Donald (Orc:2)
  An orc warlord (Orc:1)
  An entropy weaver (Lair:3)
  5 hydras
  2 ice dragons (IceCv)
  A ghost crab (Lair:3)
  2 alligators (Lair:4)
  A two-headed ogre (D:8)
  Urug (Lair:2)
  An orc high priest (Orc:2)
  4 fire crabs (Lair:3)
  2 swamp dragons (Lair:4)
  2 goliath frogs (Lair:4)
  A bog body (Lair:2)
  4 orc sorcerers
  3 orc knights (Orc:2)
  An ugly thing (D:11)
  5 elephants (Lair:5)
  Maurice (D:9)
  4 black mambas
  2 ice statues (IceCv)
  7 cane toads
  8 komodo dragons
  4 rime drakes
  3 trolls
  A hornet (D:11)
  A polar bear (Lair:4)
  Grinder (D:4)
  A tyrant leech (Lair:4)
  11 blink frogs
  10 yaks
  2 wraiths (D:11)
  3 wyverns (D:11)
  Grum (D:11)
  4 fire bats (D:11)
  2 basilisks
  6 wargs
  2 nagas (Lair:3)
  An acid dragon (D:11)
  A hell hound (D:11)
  16 water moccasins
  4 swamp worms
  25 orc warriors
  Duvessa (D:4)
  16 ice beasts
  3 sky beasts
  A swamp drake (Lair:4)
  A hornet zombie (D:7)
  11 ogres
  6 black bears
  47 wolves
  A phantom (D:5)
  5 centaurs
  5 big kobolds
  19 bullfrogs
  Blork the orc (Orc:2)
  Dowan (D:4)
  A wyvern skeleton (D:11)
  4 scorpions
  7 killer bees
  3 wights (D:10)
  A howler monkey (D:5)
  5 electric eels
  A bullfrog zombie (D:7)
  A centaur zombie (D:6)
  2 lava snakes (D:11)
  A quasit (D:10)
  5 jellies
  25 orc wizards
  13 orc priests
  Crazy Yiuf (D:7)
  4 hounds
  7 bullfrog skeletons
  A centaur skeleton (D:7)
  6 iguanas
  10 worker ants
  A hound zombie (D:11)
  A worker ant zombie (D:7)
  A gnoll (D:9)
  14 adders
  A shadow imp (D:6)
  4 white imps
  2 ufetubi
  2 oozes (D:2)
  2 adder skeletons
  An adder zombie (D:6)
  A worm (D:4)
  2 dart slugs
  9 leopard geckos
  56 orcs
  2 ball pythons
  13 bats
  7 giant cockroaches
  10 goblins
  6 hobgoblins
  2 jackals (D:1)
  8 quokkas
  3 frilled lizards
  2 jackal skeletons (D:6)
  45 kobolds
  7 rats
  2 fire vortices (D:11)
  2 fulminant prisms (D:11)
581 creatures vanquished.

Vanquished Creatures (collateral kills)
  A bullfrog (D:9)
  A hound (D:9)
  An iguana (D:9)
  2 gnolls (D:9)
5 creatures vanquished.

Vanquished Creatures (others)
  A goblin (D:1)
  A kobold (D:4)
  A fire vortex (D:11)
  7 fulminant prisms
  21 fungi
  104 plants
135 creatures vanquished.

Grand Total: 721 creatures vanquished

Notes
Turn   | Place    | Note
-------+----------+-------------------------------------------
     0 | D:1      | Impy the Demonspawn Venom Mage began the quest for the Orb.
     0 | D:1      | Reached XP level 1. HP: 13/13 MP: 3/3
   107 | D:1      | Gained mutation: When seriously injured, your bleeding
                  | wounds create armour. (AC +9) [demonic ancestry]
   107 | D:1      | Reached XP level 2. HP: 19/19 MP: 1/5
   989 | D:1      | Reached XP level 3. HP: 24/24 MP: 4/7
  1555 | D:2      | Reached skill level 3 in Spellcasting
  2109 | D:2      | Gained mutation: When seriously injured, your bleeding
                  | wounds create thick armour. (AC +9) [demonic ancestry]
  2109 | D:2      | Reached XP level 4. HP: 30/30 MP: 4/8
  2617 | D:3      | Reached XP level 5. HP: 35/35 MP: 6/10
  3596 | D:4      | Learned a level 2 spell: Poisonous Vapours
  3842 | D:4      | Learned a level 3 spell: Ignite Poison
  3934 | D:4      | Noticed an ogre
  3937 | D:4      | Noticed Grinder
  3943 | D:4      | Killed an ogre
  3944 | D:4      | Reached skill level 4 in Spellcasting
  3944 | D:4      | Reached skill level 5 in Poison Magic
  3944 | D:4      | Reached XP level 6. HP: 41/41 MP: 3/12
  3948 | D:4      | Learned a level 3 spell: Mephitic Cloud
  4004 | D:4      | Paralysed by Grinder for 4 turns
  4011 | D:4      | Paralysed by Grinder for 4 turns
  4026 | D:4      | Killed Grinder
  4027 | D:4      | Reached skill level 5 in Spellcasting
  4628 | D:4      | Reached XP level 7. HP: 34/46 MP: 5/14
  4787 | D:4      | Noticed Duvessa
  4790 | D:4      | Noticed Dowan
  4796 | D:4      | Killed Duvessa
  4806 | D:4      | Killed Dowan
  5558 | D:5      | Entered Level 5 of the Dungeon
  5581 | D:5      | Reached skill level 6 in Spellcasting
  5745 | D:5      | Gained mutation: Your flesh is heat resistant. (rF+)
                  | [demonic ancestry]
  5745 | D:5      | Reached XP level 8. HP: 48/52 MP: 10/17
  5951 | D:5      | Reached skill level 1 in Shields
  6367 | D:5      | Found a staircase to the Ecumenical Temple.
  6375 | Temple   | Entered the Ecumenical Temple
  6466 | Temple   | Became a worshipper of Vehumet
  6595 | D:5      | Found Efotakk's Distillery.
  6606 | D:5      | Learned a level 4 spell: Olgreb's Toxic Radiance
  6621 | D:5      | Found a large runed translucent door.
  6621 | D:5      | Found a large runed translucent door.
  6622 | D:5      | Found Giat's Weapon Emporium.
  6846 | D:5      | Noticed Qrupt's ghost (novice TeWz)
  6855 | D:5      | Found Tirasew's Distillery.
  6935 | D:5      | Found Patsuf's Jewellery Shoppe.
  7139 | D:5      | Found Tabegim's Armour Shoppe.
  7583 | D:6      | Reached skill level 1 in Conjurations
  8595 | D:6      | Reached * piety under Vehumet
  8595 | D:6      | Offered knowledge of Sandblast by Vehumet.
  9020 | D:7      | Reached XP level 9. HP: 57/57 MP: 19/19
  9125 | D:7      | Reached skill level 7 in Spellcasting
  9463 | D:7      | Noticed a komodo dragon
  9466 | D:7      | Killed a komodo dragon
  9479 | D:7      | Offered knowledge of Freeze by Vehumet.
  9538 | D:7      | Reached ** piety under Vehumet
 10164 | D:7      | Found a runed translucent door.
 10165 | D:7      | Noticed Crazy Yiuf
 10180 | D:7      | Killed Crazy Yiuf
 10281 | D:7      | Found a bloodstained altar of Trog.
 10363 | D:8      | Reached skill level 5 in Dodging
 10363 | D:8      | Reached skill level 8 in Spellcasting
 10363 | D:8      | Reached skill level 5 in Conjurations
 10378 | D:8      | Found Piwonyno's Gadget Shop.
 10586 | D:8      | Found a stormy altar of Qazlal.
 10599 | D:8      | Found Ulunofyu's General Store.
 10643 | D:8      | Noticed a two-headed ogre
 10657 | D:8      | Killed a two-headed ogre
 10658 | D:8      | Reached XP level 10. HP: 31/63 MP: 11/22
 10862 | D:8      | Offered knowledge of Inner Flame by Vehumet.
 11142 | D:8      | Noticed a black mamba
 11142 | D:8      | Noticed a boulder beetle
 11142 | D:8      | Noticed a centaur warrior
 11143 | D:8      | Found the ring of the Octopus King
 11143 | D:8      | Found a runed translucent door.
 11145 | D:8      | Noticed a centaur warrior
 11145 | D:8      | Noticed a boulder beetle
 11145 | D:8      | Noticed a fire giant
 11145 | D:8      | Noticed a manticore
 11507 | D:8      | Noticed a black mamba
 12044 | D:9      | Reached *** piety under Vehumet
 12050 | D:9      | Learned a level 4 spell: Fulminant Prism
 12055 | D:9      | Learned a level 4 spell: Iskenderun's Mystic Blast
 12336 | D:9      | Noticed Maurice
 12346 | D:9      | Killed Maurice
 12880 | D:9      | Reached skill level 9 in Spellcasting
 12938 | D:10     | Entered Level 10 of the Dungeon
 12940 | D:10     | Offered knowledge of Sticky Flame by Vehumet.
 14051 | D:10     | Reached **** piety under Vehumet
 14161 | D:10     | Offered knowledge of Bolt of Magma by Vehumet.
 14168 | D:10     | Learned a level 5 spell: Bolt of Magma
 14217 | D:10     | Found a bloodstained altar of Trog.
 14527 | D:11     | Gained mutation: When hurt, damage is shared between your
                  | health and your magic reserves. [demonic ancestry]
 14527 | D:11     | Reached XP level 11. HP: 68/68 MP: 18/24
 14674 | D:11     | Noticed a purple ugly thing
 14678 | D:11     | Killed a purple ugly thing
 14734 | D:11     | Found a staircase to the Lair.
 14880 | D:11     | Noticed Grum
 15058 | D:11     | Killed Grum
 15073 | D:11     | Reached skill level 10 in Spellcasting
 15458 | D:11     | Got a bone spear
 15465 | D:11     | Identified the +4 spear "Impbane" {flame, rElec Str+4} (You
                  | found it on level 11 of the Dungeon)
 16071 | D:11     | Found a staircase to the Orcish Mines.
 16237 | D:11     | Reached ***** piety under Vehumet
 16242 | D:11     | Offered knowledge of Ozocubu's Refrigeration by Vehumet.
 16376 | D:11     | Got a translucent mace
 16377 | D:11     | Identified the +7 mace of the Shining Light {drain, Str+7}
                  | (You found it on level 11 of the Dungeon)
 16500 | Orc:1    | Entered Level 1 of the Orcish Mines
 16500 | Orc:1    | Noticed an orc warlord
 16500 | Orc:1    | Noticed an orc sorcerer
 16505 | Orc:1    | Killed an orc sorcerer
 16508 | Orc:1    | Killed an orc warlord
 16509 | Orc:1    | Gained mutation: You regenerate magic rapidly. [demonic
                  | ancestry]
 16509 | Orc:1    | Reached XP level 12. HP: 21/74 MP: 5/26
 16835 | Orc:1    | Found Wool's Antique Armour Emporium.
 16858 | Orc:1    | Bought a runed robe for 103 gold pieces
 16972 | Orc:2    | Entered Level 2 of the Orcish Mines
 16982 | Orc:1    | Reached skill level 11 in Spellcasting
 17042 | Orc:2    | Reached skill level 10 in Conjurations
 17204 | Orc:2    | Noticed Donald
 17210 | Orc:2    | Killed Donald
 17227 | Orc:2    | Noticed an orc high priest
 17363 | Orc:2    | Killed an orc high priest
 17469 | Orc:2    | Noticed Blork the orc
 17473 | Orc:2    | Noticed Saint Roka
 17474 | Orc:2    | Killed Blork the orc
 17478 | Orc:2    | Reached skill level 10 in Dodging
 18215 | Lair:1   | Entered Level 1 of the Lair of Beasts
 18222 | Lair:1   | Offered knowledge of Airstrike by Vehumet.
 18429 | Lair:1   | Reached skill level 12 in Spellcasting
 18547 | Lair:1   | Learned a level 4 spell: Airstrike
 19353 | Lair:2   | Reached XP level 13. HP: 79/79 MP: 15/29
 19545 | Lair:2   | Noticed Urug
 19553 | Lair:2   | Killed Urug
 19877 | Lair:2   | Reached skill level 1 in Polearms
 21346 | Lair:2   | Found a staircase to the Swamp.
 22242 | Lair:3   | Found a runed translucent door.
 22595 | Lair:3   | Found a staircase to the Snake Pit.
 22603 | Lair:3   | Reached skill level 5 in Polearms
 23502 | Lair:3   | Noticed an entropy weaver
 23523 | Lair:3   | Killed an entropy weaver
 24535 | Lair:4   | Offered knowledge of Eringya's Noxious Bog by Vehumet.
 25937 | Lair:4   | Gained mutation: You have a pair of small antennae on your
                  | head. [demonic ancestry]
 25937 | Lair:4   | Reached XP level 14. HP: 57/85 MP: 21/30
 26340 | Lair:5   | Identified the cursed +0 spear "Qecekyx" {distort, *Corrode
                  | rPois Dex+8 SInv}
 26361 | Lair:5   | Reached skill level 10 in Polearms
 26362 | Lair:5   | Found a transporter.
 26498 | Lair:5   | Found a frozen archway.
 26508 | IceCv    | Entered an ice cave
 27929 | IceCv    | Found the ring of the Octopus King
 27978 | IceCv    | Got a ring of the Octopus King
 28596 | Lair:5   | Offered knowledge of Lee's Rapid Deconstruction by Vehumet.
 28720 | Lair:5   | Found a one-way gate to the infinite horrors of the Abyss.
 28732 | Lair:5   | HP: 2/85 [catoblepas (3)]
 28732 | Lair:5   | Mangled by a catoblepas

Illustrated notes

Levels and vault maps discovered:
D:1:      amcnicky_arrival_choice, layout_basic, lemuel_flame_loot_1
D:2:      layout_loops_ring
D:3:      layout_basic, grunt_ministairs_11
D:4:      kennysheep_kobold_camp, layout_basic, doesnt_xom_only_xom,
          uniq_duvessa, uniq_grinder
D:5:      layout_layer_cave, temple_fountains, serial_shops,
          nicolae_shop_statue_plus, shop, shop, shop, shop,
          ebering_ghost_disaster_area, minmay_misc_feat_cross
D:6:      layout_loops_cross, kennysheep_generic_room_5
D:7:      layout_cave_pools, kennysheep_mini_moat, minmay_lizard_king,
          uniq_crazy_yiuf_cottage
D:8:      minmay_gate_of_8, layout_cave_pools, serial_shops, shop,
          nicolae_shop_waterfront, enter_ossuary_1, basic_altar
D:9:      layout_gridville, uniq_maurice
D:10:     layout_basic, trog_book
D:11:     layout_cave_pools, minmay_lair_entry_grove, erik_orc_3,
          hangedman_incinerator, uniq_grum
Temple:   nicolae_temple_the_god_donut
Lair:1:   layout_small_grid, beast_lair_carwin_6
Lair:2:   layout_layer_cave, nicolae_swamp_entry_splash_gauntlet, uniq_urug
Lair:3:   gammafunk_mikee_crab_dinner, layout_layer_cave,
          guppyfry_snake_entry_island, disabler_island
Lair:4:   onia_ninara_swampy_vault, layout_gridlike,
          grunt_forest_large_clearings
Lair:5:   layout_layer_cave, gammafunk_ghost_abyssal_escape,
          portal_ice_cave_rime, serial_bayou_shore_b
Orc:1:    layout_diamond_mine, serial_shops, nicolae_shop_waterfront
Orc:2:    grunt_orc_cross, layout_caves, uniq_donald

Skill      XL: |  1  2  3  4  5  6  7  8  9 10 11 12 13 14 |
---------------+-------------------------------------------+-----
Spellcasting   | 3 4 5 6 8 9 10 12 | 12.1
Poison Magic   | 4 5 6 7 |  7.2
Shields        | 4 |  4.5
Dodging        | 3 5 7 9 10 | 10.6
Conjurations   | 2 5 7 9 11 | 11.4
Polearms       | 9 11 | 11.3
Stealth        | |  1.7
Transmutations | |  0.8

Action                   |  1- 3 |  4- 6 |  7- 9 | 10-12 | 13-15 || total
-------------------------+-------+-------+-------+-------+-------++-------
Melee: Unarmed           |    14 |     4 |       |       |       ||    18
       Short sword       |       |     3 |    98 |   144 |       ||   245
       Dagger            |       |       |   153 |       |       ||   153
       Spear             |       |       |       |    69 |     1 ||    70
       Demon trident     |       |       |       |       |   208 ||   208
 Cast: Sting             |    88 |    98 |   151 |    98 |    21 ||   456
       Poisonous Vapours |       |    11 |    22 |    63 |     4 ||   100
       Ignite Poison     |       |     1 |    19 |    68 |    23 ||   111
       Mephitic Cloud    |       |       |     5 |     4 |     3 ||    12
       Olgreb's Toxic Ra |       |       |    12 |    69 |    45 ||   126
       Iskenderun's Myst |       |       |       |    24 |     1 ||    25
       Fulminant Prism   |       |       |       |     9 |       ||     9
       Bolt of Magma     |       |       |       |    46 |    86 ||   132
       Airstrike         |       |       |       |       |    43 ||    43
Evoke: Wand              |       |       |    22 |     1 |     3 ||    26
  Use: Scroll            |     4 |     3 |     8 |     9 |    17 ||    41
       Potion            |       |     5 |     3 |     8 |       ||    16
 Stab: Confused          |       |       |     2 |     2 |       ||     4
       Sleeping          |       |       |     1 |       |     3 ||     4
       Paralysed         |       |       |       |     6 |       ||     6
       Distracted        |       |       |       |       |     1 ||     1
Armor: Robe              |    11 |     5 |    40 |    30 |    43 ||   129
Dodge: Dodged            |    67 |    40 |   244 |   250 |   181 ||   782
Block: Buckler           |       |       |    61 |   109 |    90 ||   260
       Reflection        |       |       |       |       |     1 ||     1
